2644 views
Uploaded 2020-02-12 17:50:10
Game version 1.32 / 1.32.1
11:41 long 2on2 ladder game on (4)Avalanche_LV
Saved by iggythefisk
2644 views
Uploaded 2020-02-12 17:50:10
Game version 1.32 / 1.32.1
11:41 long 2on2 ladder game on (4)Avalanche_LV


59 units @ 7.9k
/ 0.8k
33 buildings @ 4.3k
/ 1.6k


| Scroll of Regeneration | 2 | 200 |
| total: | 2 | 200g |
| Peasant | 16 | 1200 | / | 0 |
| Footman | 5 | 675 | / | 0 |
| Rifleman | 8 | 1640 | / | 240 |
| Sorceress | 2 | 310 | / | 40 |
| Priest | 2 | 270 | / | 20 |
| total: | 33 | 4095g | / | 300w |
| Scout Tower | 1 | 30 | / | 20 |
| Arcane Tower | 1 | 70 | / | 50 |
| Altar of Kings | 1 | 180 | / | 50 |
| Farm | 12 | 960 | / | 240 |
| Barracks | 1 | 160 | / | 60 |
| Town Hall | 1 | 385 | / | 205 |
| Blacksmith | 2 | 280 | / | 120 |
| Arcane Vault | 1 | 130 | / | 30 |
| Arcane Sanctum | 2 | 300 | / | 280 |
| Keep | 1 | 320 | / | 210 |
| total: | 21 | 2425g | / | 1005w |
| 0:01 | Peasant |
| 0:04 | Altar of Kings |
| 0:08 | Peasant |
| 0:17 | Farm |
| 0:18 | Barracks |
| 0:30 | Peasant |
| 0:40 | Peasant |
| 0:50 | Farm |
| 1:00 | Peasant |
| 1:10 | Peasant |
| 1:21 | Footman |
| 1:31 | Farm |
| 1:43 | Footman |
| 1:51 | Peasant |
| 2:09 | Footman |
| 2:12 | Peasant |
| 2:17 | Summon Water Elemental |
| 2:34 | Footman |
| 2:42 | Scout Tower |
| 3:14 | Town Hall |
| 3:20 | Arcane Tower |
| 3:26 | Blacksmith |
| 3:28 | Blacksmith |
| 3:31 | Brilliance Aura |
| 4:01 | Keep |
| 4:19 | Summon Water Elemental |
| 4:35 | Arcane Vault |
| 4:46 | Rifleman |
| 4:48 | Footman |
| 4:48 | Peasant |
| 4:59 | Peasant |
| 5:09 | Rifleman |
| 5:16 | Farm |
| 5:18 | Peasant |
| 5:18 | Peasant |
| 5:38 | Rifleman |
| 5:43 | Scroll of Regeneration |
| 5:51 | Peasant |
| 6:08 | Rifleman |
| 6:11 | Black Gunpowder |
| 6:22 | Peasant |
| 6:35 | Arcane Sanctum |
| 6:38 | Peasant |
| 6:38 | Peasant |
| 6:41 | Farm |
| 7:08 | Arcane Sanctum |
| 7:10 | Farm |
| 7:10 | Farm |
| 7:12 | Farm |
| 7:21 | Storm Bolt |
| 7:24 | Scroll of Regeneration |
| 7:29 | Brilliance Aura |
| 7:33 | Rifleman |
| 7:52 | Sorceress |
| 7:55 | Rifleman |
| 8:46 | Sorceress |
| 8:46 | Priest |
| 8:48 | Rifleman |
| 9:11 | Bash |
| 9:31 | Priest |
| 9:46 | Farm |
| 9:48 | Farm |
| 9:49 | Farm |
| 10:29 | Rifleman |
| 10:30 | Farm |
| 10:47 | Refined Gunpowder |
| 11:34 | Summon Water Elemental |
| 11:39 | Storm Bolt |
| Right click | 665 |
| Select | 403 |
| Select group | 317 |
| Build/train/purchase | 80 |
| Assign group | 55 |
| Misc. action | 20 |
| Use ability | 6 |
| Resource trade | 4 |
| Minimap ping | 3 |
| Item give/drop | 2 |
| Remove unit | 1 |


| Rod of Necromancy | 1 | 150 |
| Ritual Dagger | 1 | 125 |
| total: | 2 | 275g |
| Acolyte | 11 | 825 | / | 0 |
| Ghoul | 2 | 240 | / | 0 |
| Crypt Fiend | 9 | 1935 | / | 360 |
| Obsidian Statue | 4 | 800 | / | 140 |
| total: | 26 | 3800g | / | 500w |
| Nerubian Tower | 1 | 100 | / | 20 |
| Crypt | 1 | 200 | / | 50 |
| Altar of Darkness | 1 | 180 | / | 50 |
| Ziggurat | 7 | 1050 | / | 350 |
| Graveyard | 1 | 215 | / | 0 |
| Tomb of Relics | 1 | 130 | / | 30 |
| Slaughterhouse | 1 | 140 | / | 135 |
| Halls of the Dead | 1 | 320 | / | 210 |
| total: | 12 | 1915g | / | 615w |
| 0:01 | Acolyte |
| 0:06 | Crypt |
| 0:14 | Acolyte |
| 0:17 | Altar of Darkness |
| 0:24 | Ziggurat |
| 0:49 | Graveyard |
| 1:09 | Ghoul |
| 1:18 | Ziggurat |
| 1:29 | Ghoul |
| 1:39 | Nerubian Tower |
| 2:00 | Tomb of Relics |
| 2:15 | Crypt Fiend |
| 2:18 | Death Coil |
| 2:37 | Crypt Fiend |
| 3:07 | Crypt Fiend |
| 3:37 | Halls of the Dead |
| 3:58 | Rod of Necromancy |
| 4:10 | Ziggurat |
| 5:42 | Crypt Fiend |
| 6:01 | Burrow |
| 6:04 | Ritual Dagger |
| 6:23 | Crypt Fiend |
| 6:31 | Unholy Aura |
| 6:47 | Acolyte |
| 6:47 | Acolyte |
| 6:48 | Acolyte |
| 6:48 | Acolyte |
| 7:02 | Slaughterhouse |
| 7:20 | Ziggurat |
| 7:45 | Frost Nova |
| 8:22 | Obsidian Statue |
| 8:23 | Acolyte |
| 8:23 | Acolyte |
| 8:26 | Ziggurat |
| 8:28 | Crypt Fiend |
| 8:34 | Creature Attack |
| 8:37 | Death Coil |
| 8:48 | Crypt Fiend |
| 8:49 | Obsidian Statue |
| 8:53 | Ziggurat |
| 9:10 | Frost Armor |
| 9:18 | Ziggurat |
| 9:22 | Crypt Fiend |
| 9:23 | Obsidian Statue |
| 10:06 | Obsidian Statue |
| 10:47 | Acolyte |
| 10:47 | Acolyte |
| 10:47 | Acolyte |
| 11:22 | Crypt Fiend |
| Right click | 592 |
| Assign group | 391 |
| Select group | 322 |
| Select | 143 |
| Build/train/purchase | 47 |
| Misc. action | 29 |
| Use ability | 23 |
| Chat | 20 |
| Resource trade | 8 |
| Item give/drop | 1 |
47 units @ 5.3k
/ 0.3k
31 buildings @ 3.9k
/ 1.6k

| Potion of Healing | 1 | 150 |
| Ivory Tower | 2 | 80 |
| total: | 3 | 230g |
| Peasant | 4 | 300 | / | 0 |
| Footman | 10 | 1350 | / | 0 |
| Rifleman | 4 | 820 | / | 120 |
| Priest | 4 | 540 | / | 40 |
| total: | 22 | 3010g | / | 160w |
| Scout Tower | 5 | 150 | / | 100 |
| Arcane Tower | 1 | 70 | / | 50 |
| Guard Tower | 2 | 140 | / | 100 |
| Barracks | 1 | 160 | / | 60 |
| Altar of Kings | 1 | 180 | / | 50 |
| Farm | 7 | 560 | / | 140 |
| Lumber Mill | 1 | 120 | / | 0 |
| Blacksmith | 1 | 140 | / | 60 |
| Arcane Vault | 1 | 130 | / | 30 |
| Arcane Sanctum | 1 | 150 | / | 140 |
| Keep | 1 | 320 | / | 210 |
| total: | 18 | 1590g | / | 580w |
| 0:07 | Barracks |
| 0:09 | Peasant |
| 0:13 | Altar of Kings |
| 0:16 | Farm |
| 0:17 | Farm |
| 0:32 | Peasant |
| 0:51 | Farm |
| 0:55 | Peasant |
| 1:12 | Peasant |
| 1:31 | Footman |
| 1:58 | Footman |
| 2:07 | Farm |
| 2:22 | Footman |
| 2:34 | Summon Water Elemental |
| 2:45 | Scout Tower |
| 2:58 | Lumber Mill |
| 3:21 | Footman |
| 3:24 | Arcane Tower |
| 3:50 | Keep |
| 4:36 | Footman |
| 4:43 | Blacksmith |
| 5:19 | Footman |
| 5:19 | Footman |
| 5:59 | Scout Tower |
| 6:04 | Scout Tower |
| 6:12 | Arcane Vault |
| 6:21 | Rifleman |
| 6:25 | Rifleman |
| 6:34 | Arcane Sanctum |
| 6:42 | Guard Tower |
| 6:53 | Farm |
| 6:59 | Farm |
| 7:32 | Scout Tower |
| 7:35 | Scout Tower |
| 7:52 | Priest |
| 7:53 | Priest |
| 7:53 | Priest |
| 8:00 | Potion of Healing |
| 8:04 | Ivory Tower |
| 8:05 | Ivory Tower |
| 8:40 | Farm |
| 9:18 | Rifleman |
| 9:18 | Rifleman |
| 10:08 | Priest |
| 10:32 | Footman |
| 10:32 | Footman |
| 10:32 | Footman |
| 10:36 | Guard Tower |
| Right click | 416 |
| Select | 228 |
| Build/train/purchase | 37 |
| Chat | 9 |
| Use ability | 4 |
| Misc. action | 3 |
| Esc | 1 |


| Wisp | 18 | 1080 | / | 0 |
| Archer | 3 | 390 | / | 30 |
| Huntress | 4 | 780 | / | 80 |
| total: | 25 | 2250g | / | 110w |
| Ancient Protector | 2 | 270 | / | 160 |
| Altar of Elders | 1 | 180 | / | 50 |
| Moon Well | 4 | 720 | / | 160 |
| Ancient of War | 1 | 150 | / | 60 |
| Hunter's Hall | 1 | 210 | / | 100 |
| Ancient of Wonders | 1 | 90 | / | 30 |
| Tree of Life | 1 | 340 | / | 185 |
| Ancient of Lore | 2 | 310 | / | 290 |
| Tree of Ages | 1 | 320 | / | 180 |
| total: | 13 | 2270g | / | 1035w |
| 0:03 | Wisp |
| 0:04 | Wisp |
| 0:06 | Altar of Elders |
| 0:23 | Moon Well |
| 0:25 | Wisp |
| 0:25 | Wisp |
| 0:25 | Wisp |
| 0:50 | Wisp |
| 1:02 | Ancient of War |
| 1:06 | Wisp |
| 1:17 | Wisp |
| 1:29 | Moon Well |
| 1:32 | Wisp |
| 1:32 | Wisp |
| 1:32 | Wisp |
| 1:58 | Hunter's Hall |
| 2:05 | Archer |
| 2:18 | Archer |
| 2:40 | Evasion |
| 2:49 | Archer |
| 2:51 | Wisp |
| 2:51 | Wisp |
| 3:01 | Moon Well |
| 3:20 | Huntress |
| 3:48 | Huntress |
| 4:11 | Mana Burn |
| 4:20 | Huntress |
| 5:02 | Tree of Ages |
| 5:03 | Huntress |
| 5:24 | Strength of the Moon |
| 5:27 | Moon Well |
| 5:48 | Moon Armor |
| 6:22 | Mana Burn |
| 7:08 | Strength of the Wild |
| 7:58 | Frost Arrows |
| 8:15 | Ancient of Wonders |
| 8:35 | Ancient of Lore |
| 8:37 | Ancient of Lore |
| 8:46 | Wisp |
| 8:46 | Wisp |
| 9:00 | Ancient Protector |
| 9:11 | Ancient Protector |
| 9:17 | Nature's Blessing |
| 9:47 | Wisp |
| 9:48 | Wisp |
| 9:48 | Wisp |
| 10:51 | Tree of Life |
| Select group | 684 |
| Right click | 479 |
| Select | 190 |
| Build/train/purchase | 42 |
| Misc. action | 20 |
| Use ability | 20 |
| Assign group | 16 |
| Remove unit | 2 |
โ